Map: 失而复得-天梯版

Players

llllllllllll

  • Race: Protoss Protoss
  • League: Master
  • Spawn Location: 7:00

IIIIIIIIIIII - Winner!

  • Race: Terran Terran
  • League: Master
  • Spawn Location: 1:00

VOD

Have the link to the VOD?

Description

Time

  • Played on: July 7, 2018, 8:08 a.m.
  • Length: 7:09
Show
View Real Time Build Order
Export as new Build Order

llllllllllll Protoss 

Build Orders: 1 Gate Expand, Oracle Opening 

Get SALT Encoding   

  12  0:02  Probe  
  14  0:14  Probe  
  14  0:18  Pylon  
  14  0:25  Probe  
  15  0:33  Probe  
  15  0:39  Gateway  
  15  0:41  Probe  
  16  0:47  Assimilator  
  17  0:52  Probe  
  18  1:04  Probe  
  19  1:16  Probe  
  20  1:27  Nexus  
  20  1:36  Cybernetics Core  
  20  1:37  Probe  
  21  1:42  Assimilator  
  21  1:49  Probe  
  21  1:52  Pylon  
  22  2:02  Probe  
  22  2:04  Adept  
  23  2:15  Probe  
  26  2:17  Stargate  
  26  2:25  Warp Gate  
  26  2:27  Probe  
  27  2:30  Adept  
  27  2:35  Probe x2  
  28  2:43  Probe  
  28  2:44  Probe  
  30  2:51  Oracle  
  32  2:54  Probe x2  
  34  2:58  Pylon  
  37  3:06  Probe x2  
  37  3:12  Adept  
  41  3:18  Probe x2  
  43  3:22  Gateway  
  43  3:26  Oracle  
  43  3:28  Gateway  
  43  3:38  Probe  
  43  3:39  Probe  
  43  3:41  Shield Battery  
  48  3:51  Probe x2  
  47  4:03  Assimilator  
  47  4:04  Probe x2  
  47  4:05  Assimilator  
  47  4:06  Oracle  
  52  4:10  Pylon  
  52  4:16  Probe x2  
  54  4:26  Nexus  
  54  4:27  Pylon  
  54  4:28  Probe x2  
  56  4:31  Sentry  
  56  4:32  Zealot  
  56  4:33  Sentry  
  59  4:40  Probe x2  
  61  4:48  Twilight Council  
  61  4:50  Forge  
  61  4:53  Zealot  
  61  4:55  Probe x2  
  61  4:56  Protoss Ground Weapons Level 1  
  65  5:00  Zealot  
  65  5:01  Stalker  
  69  5:07  Blink, Probe  
  69  5:11  Pylon  
  70  5:15  Pylon  
  70  5:16  Pylon  
  68  5:21  Probe  
  68  5:25  Probe  
  69  5:32  Robotics Facility  
  69  5:34  Probe x2  
  70  5:37  Probe  
  70  5:40  Stalker  
  70  5:42  Stalker, Probe  
  76  5:46  Stalker  
  76  5:49  Probe  
  80  5:52  Probe  
  80  5:53  Gateway  
  80  5:54  Probe  
  82  6:00  Gateway  
  82  6:02  Gateway  
  82  6:04  Gateway  
  82  6:09  Gateway  
  82  6:11  Probe x2  
  84  6:16  Stalker x2  
  88  6:24  Immortal  
  88  6:26  Stalker  
  88  6:29  Pylon  
  88  6:32  Pylon  
  90  6:37  Assimilator  
  94  6:41  Assimilator  
  94  6:44  Stalker x2  
  82  6:54  Stalker  
Show
View Real Time Build Order
Export as new Build Order

IIIIIIIIIIII Terran - Winner!

Build Orders: Reaper Expand, MMM Bio 

Get SALT Encoding   

  12  0:01  SCV  
  13  0:13  SCV  
  14  0:20  Supply Depot  
  14  0:25  SCV  
  15  0:42  SCV  
  16  0:44  Barracks  
  16  0:47  Refinery  
  16  0:54  SCV  
  17  1:06  SCV  
  18  1:18  SCV  
  19  1:31  Orbital Command, Reaper  
  20  1:42  Command Center  
  20  1:52  Supply Depot  
  20  1:57  SCV  
  21  2:03  Marine  
  22  2:09  SCV  
  22  2:10  Factory  
  23  2:16  Refinery  
  23  2:21  SCV  
  24  2:25  Barracks Reactor  
  24  2:33  SCV  
  25  2:45  SCV, Barracks  
  26  2:54  Widow Mine  
  26  2:57  Orbital Command, SCV  
  29  3:01  Marine x2  
  31  3:09  SCV  
  31  3:12  Supply Depot  
  32  3:15  Widow Mine  
  34  3:22  SCV  
  34  3:26  Marine  
  34  3:27  Marine  
  36  3:29  SCV  
  36  3:34  SCV, Barracks Tech Lab  
  37  3:36  Widow Mine  
  37  3:41  SCV  
  41  3:44  Marine x2  
  41  3:46  Barracks  
  41  3:48  SCV  
  44  3:50  Engineering Bay  
  44  3:52  Stimpack  
  44  3:53  SCV  
  45  4:00  SCV  
  45  4:05  SCV  
  45  4:08  Factory Tech Lab  
  45  4:09  Marine x2  
  47  4:10  Marine  
  47  4:12  SCV  
  47  4:16  Supply Depot, Terran Infantry Weapons Level 1  
  50  4:17  SCV  
  50  4:21  Refinery  
  52  4:24  Supply Depot, SCV  
  52  4:29  SCV  
  53  4:35  Starport  
  52  4:39  Factory Reactor  
  52  4:40  SCV  
  52  4:43  SCV  
  54  4:46  Supply Depot  
  54  4:47  Marine x3  
  54  4:51  Marine  
  54  4:52  SCV  
  59  4:55  SCV  
  60  5:01  Supply Depot  
  60  5:02  Combat Shields  
  60  5:04  SCV  
  60  5:05  Marine x2  
  64  5:08  Marauder  
  64  5:10  Marauder  
  64  5:11  SCV  
  68  5:16  SCV  
  68  5:17  Supply Depot  
  69  5:22  Medivac x2  
  69  5:23  SCV  
  69  5:26  Factory Reactor  
  74  5:28  SCV  
  74  5:30  Marauder  
  74  5:31  Marauder, Marine x2  
  74  5:34  Supply Depot  
  81  5:40  Supply Depot  
  81  5:48  Marine  
  81  5:49  Marine  
  83  5:51  Marauder  
  83  5:53  Marauder, Concussive Shells  
  87  6:00  Command Center  
  87  6:08  Marine x2  
  89  6:13  Marauder, SCV x2  
  89  6:14  Marauder, Refinery  
  95  6:19  Medivac x2  
  99  6:26  SCV x2  
  99  6:27  Barracks  
  99  6:30  Supply Depot  
  99  6:31  Barracks  
  101  6:38  SCV  
  102  6:47  SCV  
  102  6:50  Supply Depot, SCV  
Tags
 
Add a new tag
Caveats
  • Supply blocks, unpowered buildings, or Contaminate may cause inaccurate times.
  • Supply counts are checked every 10 seconds.